 Dungeon Crawl Stone Soup version 0.24-a0-93-ge1bfdf8 (console) character file.

Game seed: 452272294065900560

344 Voker57 the Slasher (level 6, -1/46 HPs)
             Began as a Demonspawn Gladiator on Feb 11, 2019.
             Succumbed to a killer bee's poison
             ... on level 3 of the Dungeon.
             The game lasted 00:04:10 (2907 turns).

Voker57 the Slasher (Demonspawn Gladiator)          Turns: 2907, Time: 00:04:12

Health: -1/46      AC:  4    Str: 14    XL:     6   Next: 31%
Magic:  3/6        EV: 17    Int: 14    God:
Gold:   125        SH:  0    Dex: 17    Spells: 5/5 levels left

rFire    . . .     SeeInvis .   a - +0 long sword
rCold    . . .     Gourm    .   (no shield)
rNeg     . . .     Faith    .   b - +0 leather armour
rPois    .         Spirit   +   c - +0 helmet
rElec    .         Reflect  .   (no cloak)
rCorr    .         Harm     .   (no gloves)
MR       .....                  (no boots)
Stlth    ++........             (no amulet)
HPRegen  0.15/turn              (no ring)
MPRegen  0.10/turn              (no ring)

@: brilliant, lethally poisoned (-1 -> -26), flying
A: talons 1, repulsion field 2, powered by death 1, magic shield
a: no special abilities


You were on level 3 of the Dungeon.
You were not hungry.

You visited 1 branch of the dungeon, and saw 3 of its levels.

You collected 125 gold pieces.

Inventory:

Hand Weapons
 a - a +0 long sword (weapon)
Missiles
 d - 2 throwing nets (quivered)
Armour
 b - a +0 leather armour (worn)
 c - a +0 helmet (worn)
Jewellery
 i - an uncursed ring of protection from fire {unknown}
Wands
 k - a wand of flame (19)
Scrolls
 g - a scroll of remove curse {unknown}
 j - a scroll of amnesia {unknown}
 l - a scroll of enchant weapon {unknown}
 m - a scroll of random uselessness {unknown}
 o - a scroll of teleportation {unknown}
 p - a scroll of identify {unknown}
 q - a scroll of enchant armour {unknown}
Potions
 e - a potion of brilliance
Comestibles
 f - 4 rations


   Skills:
 + Level 2.6 Fighting
 + Level 4.7 Long Blades
 + Level 1.8 Throwing
 + Level 1.8 Armour
 + Level 4.1 Dodging
 + Level 0.7 Stealth


You had 5 spell levels left.
You didn't know any spells.
Your spell library was empty.

Dungeon Overview and Level Annotations

Branches:
Dungeon (3/15)

Altars:
Wu Jian
The Shining One


Innate Abilities, Weirdness & Mutations

You have sharp toenails.
You are surrounded by a moderate repulsion field. (EV +3)
You regenerate a little health from kills.
When hurt, damage is shared between your health and your magic reserves.


Message History

You feel clever all of a sudden.
You feel sick. The killer bee stings you.
* * * LOW HITPOINT WARNING * * *
You are more poisoned.
The killer bee poisons you! The killer bee stings you.
* * * LOW HITPOINT WARNING * * *
You are more poisoned.
The killer bee poisons you!
It was a potion of flight.
You feel very buoyant.
You fly up into the air.
* * * LOW HITPOINT WARNING * * *
You feel very sick. The killer bee barely misses you.
The killer bee completely misses you.
You miss the killer bee.
The killer bee is moderately wounded.
* * * LOW HITPOINT WARNING * * *
You feel very sick. The killer bee misses you.
The killer bee barely misses you.
You die...

#............#.# #.#
#............#.## #.#
#...........##..# #.#
#...).......###)#####.###
#...).......# #........(#
########'#### ##........#
#.# #........# #†#
#........# #(# #..###....
#@# ##.# #.... #(# #.#
#.... #y# #.###....
##K###### #..##....
#.......# ##.##....
#.......# #..#.###
#.......# ##.#.#
#.......# #.#.# #.......#
#...# #.......# ##..###


You could see a killer bee and a kobold.

Vanquished Creatures
  2 killer bees (D:3)
  A howler monkey (D:2)
  An orc priest (D:3)
  Jessica (D:2)
  A killer bee zombie (D:2)
  Robin (D:2)
  3 adders (D:3)
  An ooze (D:2)
  A worm (D:3)
  2 dart slugs
  4 leopard geckos
  4 orcs (D:3)
  A giant cockroach (D:3)
  16 hobgoblins
  7 jackals (D:1)
  2 quokkas
  4 bats
  6 frilled lizards
  16 goblins
  2 kobolds
  5 rats
81 creatures vanquished.

Notes
Turn   | Place    | Note
-------+----------+-------------------------------------------
     0 | D:1      | Voker57 the Demonspawn Gladiator began the quest for the
                  | Orb.
     0 | D:1      | Reached XP level 1. HP: 16/16 MP: 1/1
   114 | D:1      | Gained mutation: You are surrounded by a mild repulsion
                  | field. (EV +2) [demonic ancestry]
   114 | D:1      | Reached XP level 2. HP: 13/22 MP: 2/2
   916 | D:2      | Gained mutation: You are surrounded by a moderate repulsion
                  | field. (EV +3) [demonic ancestry]
   916 | D:2      | Reached XP level 3. HP: 27/27 MP: 3/3
  1148 | D:2      | Noticed Robin
  1157 | D:2      | Killed Robin
  1227 | D:2      | Gained mutation: When hurt, damage is shared between your
                  | health and your magic reserves. [demonic ancestry]
  1227 | D:2      | Reached XP level 4. HP: 28/33 MP: 4/4
  1652 | D:2      | Found a glowing golden altar of the Shining One.
  1665 | D:2      | Reached skill level 1 in Armour
  1665 | D:2      | Gained mutation: You have sharp toenails. [demonic
                  | ancestry]
  1665 | D:2      | Reached XP level 5. HP: 35/39 MP: 2/5
  2069 | D:2      | Noticed Jessica
  2082 | D:2      | Killed Jessica
  2667 | D:3      | Found an ornate altar of the Wu Jian Council.
  2877 | D:3      | Gained mutation: You regenerate a little health from kills.
                  | [demonic ancestry]
  2877 | D:3      | Reached XP level 6. HP: 46/46 MP: 6/6
  2906 | D:3      | HP: 1/46 [poisoned by a killer bee]
  2907 | D:3      | Succumbed to a killer bee's poison

Levels and vault maps discovered:
D:1:      dpeg_arrival_rooms_c, layout_loops_cross, kennysheep_boxes
D:2:      layout_loops_corners, overflow_temple_1_default,
          kennysheep_cross_bottleneck, uniq_crazy_yiuf_cottage, uniq_jessica,
          uniq_robin
D:3:      layout_basic, overflow_temple_1_default

Skill      XL: |  1  2  3  4  5  6 |
---------------+-------------------+-----
Long Blades    | 3 4 |  4.7
Dodging        | 3 4 |  4.1
Armour         | 1 |  1.8
Fighting       | |  2.6
Throwing       | |  1.8
Stealth        | |  0.7

Action                   |  1- 3 |  4- 6 || total
-------------------------+-------+-------++-------
Melee: Long sword        |    89 |   106 ||   195
       Kick              |       |    24 ||    24
Throw: Throwing net      |       |     1 ||     1
  Use: Potion            |       |     4 ||     4
 Stab: Sleeping          |       |     3 ||     3
       Held in net/web   |       |     1 ||     1
  Eat: Chunk             |     1 |     6 ||     7
Armor: Leather armour    |    20 |    20 ||    40
       Skin              |       |     5 ||     5
Dodge: Dodged            |    84 |   110 ||   194
       Rpst.: Long sword |    32 |    35 ||    67

Table legend:
 A = Non-vault XP
 B = Vault XP
 C = Vault XP percentage of total XP
 D = Non-vault monster count
 E = Vault monster count
 F = Vault count percentage of total count
                 A         B        C        D         E       F
            +---------+---------+-------+---------+---------+-------
      Total |     421 |      71 |  14.4 |      69 |      12 |  14.8
            +---------+---------+-------+---------+---------+-------
        D:1 |      39 |       0 |   0.0 |      22 |       0 |   0.0
        D:2 |     131 |      71 |  35.1 |      24 |      12 |  33.3
        D:3 |     251 |       0 |   0.0 |      23 |       0 |   0.0
            +---------+---------+-------+---------+---------+-------
